 Dungeon Crawl Stone Soup version 0.30-a0-881-g1ff12e1e11 (webtiles) character file.

Game seed: 11293648847975174662

30 Newt the Shooter (level 3, -1/19 (24) HPs)
             Began as a Kobold Hunter on Mar 14, 2023.
             Slain by a gnoll
             ... wielding a +0 whip of draining
              (7 damage)
             ... on level 1 of the Dungeon.
             The game lasted 00:00:32 (583 turns).

Newt the Shooter (Kobold Hunter)                     Turns: 583, Time: 00:00:32

HP:   -1/19 (24)    AC:  3    Str:  8    XL:     3   Next: 35%
MP:   3/3           EV: 14    Int: 10    God:
Gold: 100           SH:  0    Dex: 20    Spells: 2/2 levels left

rFire   . . .      SeeInvis .    a - +0 shortbow
rCold   . . .      Faith    .    (shield currently unavailable)
rNeg    . . .      Spirit   .    c - +0 leather armour
rPois   .          Reflect  .    (no helmet)
rElec   .          Rampage  .    (no cloak)
rCorr   .                        (no gloves)
Will    .....                    (no boots)
Stlth   +++                      (no amulet)
HPRegen 0.23/turn                (no ring)
MPRegen 0.08/turn                (no ring)

@: heavily drained
A: small, no large weapons, nightstalker 3
a: no special abilities


You were on level 1 of the Dungeon.
You visited 1 branch of the dungeon, and saw 2 of its levels.

You collected 100 gold pieces.

Inventory:

Hand Weapons
 a - a +0 shortbow (weapon)
Armour
 c - a +0 leather armour (worn)
 i - a +1 buckler of fire resistance
Jewellery
 h - a ring of fire
Scrolls
 b - a scroll of immolation
 e - a scroll of identify {unknown}
 f - a scroll of fear {unknown}
 g - a scroll of noise {unknown}
Potions
 d - a potion of ambrosia {unknown}


   Skills:
 + Level 3.9 Fighting
 - Level 5.3 Ranged Weapons
 - Level 2.4 Dodging
 - Level 1.3 Stealth


You had 2 spell levels left.
You didn't know any spells.
Your spell library contained the following spells:

 Spells                   Type           Power      Damage    Failure   Level
 Foxfire                  Conj/Fire      0%         2x1d4     50%         1
 Magic Dart               Conj           0%         1d3       50%         1
 Searing Ray              Conj           0%         2d4       63%         2
 Fulminant Prism          Conj/Hex       0%         3d5       99%         4
 Fireball                 Conj/Fire      0%         3d3       100%        5
 Starburst                Conj/Fire      0%         6d3       100%        6


Dungeon Overview and Level Annotations

Branches:
Dungeon (2/15)

Altars:


Innate Abilities, Weirdness & Mutations

You are small and have problems with some larger weapons.
You are completely attuned to the shadows.


Message History

A gnoll is nearby!
A gnoll is nearby!
You shoot an arrow. The arrow hits the gnoll!
The gnoll shouts!
The gnoll is severely wounded.
You shoot an arrow. The arrow hits the gnoll!
You kill the gnoll!
You hear a shout!
A gnoll comes into view. It is wielding a +0 whip of draining.
You hear a shout!
You shoot an arrow. The arrow closely misses the gnoll.
You shoot an arrow. The arrow barely misses the gnoll.
You shoot an arrow. The arrow barely misses the gnoll.
The gnoll closely misses you.
You shoot an arrow. The arrow hits the gnoll.
The gnoll is moderately wounded.
The gnoll barely misses you.
A gnoll comes into view. It is wielding a +0 whip.
You shoot an arrow. The arrow hits the gnoll.
The gnoll is severely wounded.
The gnoll hits you with a +0 whip of draining.
You feel drained.
You shoot an arrow. The arrow barely misses the gnoll.
The gnoll hits you with a +0 whip of draining.
You feel drained. The gnoll barely misses you.
The gnoll hits you with a +0 whip of draining.
You feel drained.
You climb upwards.
There is a stone staircase leading down here.
Unknown command.
You shoot an arrow. The arrow hits the gnoll.
The gnoll is almost dead.
The gnoll closely misses you. The gnoll hits you with a +0 whip.
Unknown command.
You shoot an arrow.
The arrow hits the gnoll but does no damage.
The gnoll is almost dead.
The gnoll hits you with a +0 whip of draining!
You die...

#..#......############
#.####.....## ### #.#
#.......# #.. #.#
#.......# #.. #.#
#.......# #.. #.#
##.....## ### #.#
#.......# #.#
#.g.....# #.#
#@g.....# #.#
##.....## #.# ##...##
#.# ###.# #.# #.#
########## #.#
#.###......... ##.#
#.....######## #รท.#
####### # #.## #


You could see 2 gnolls.

Vanquished Creatures
  A gnoll (D:2)
  2 dart slugs (D:1)
  A bat (D:1)
  A giant cockroach (D:1)
  4 hobgoblins (D:1)
  5 kobolds (D:1)
  A ball python (D:1)
  A rat (D:1)
16 creatures vanquished.

Notes
Turn   | Place    | Note
-------+----------+-------------------------------------------
     0 | D:1      | Newt the Kobold Hunter began the quest for the Orb.
     0 | D:1      | Reached XP level 1. HP: 12/12 MP: 1/1
   195 | D:1      | Reached XP level 2. HP: 19/19 MP: 2/2
   374 | D:1      | Reached XP level 3. HP: 23/23 MP: 3/3
   583 | D:1      | Slain by a gnoll

Illustrated notes

Levels and vault maps discovered:
D:1:      dpeg_arrival_radiant, layout_rooms
D:2:      layout_loops_cross

Skill      XL: |  1 |
---------------+----+-----
Fighting       | 3 |  3.9
Ranged Weapons | |  5.3
Dodging        | |  2.4
Stealth        | |  1.3

Action                     || total
---------------------------++-------
   Fire: Shortbow          ||    46
 Armour: Leather armour    ||     3
  Dodge: Dodged            ||    18

Table legend: (Time is in decaauts)
 A = Elapsed time spent in this place.
 B = Non-inter-level travel time spent in this place.
 C = Inter-level travel time spent in this place.
 D = Time resting spent in this place.
 E = Time spent auto-exploring this place.
 F = Levels seen in this place.
 G = Mean time per level.
                   A        B        C        D        E       F      G
               +--------+--------+--------+--------+--------+-----+--------+
         Total |    596 |    551 |     45 |      0 |    457 |   2 |  298.0 |
       Dungeon |    596 |    551 |     45 |      0 |    457 |   2 |  298.0 |
               +--------+--------+--------+--------+--------+-----+--------+

Top non-repeatable levels by time:
     D:1: 584 daAuts
     D:2: 12 daAuts
